 Dungeon Crawl Stone Soup version 0.24.0-13-gcf9b3192b9 (webtiles) character file.

Game seed: 10094874169085856742, levelgen mode: classic

992 EnegeticOcto the Sneak (level 7, 0/44 HPs)
             Began as a Deep Elf Assassin on Nov 6, 2019.
             Was a Believer of Okawaru.
             Succumbed to a worker ant's poison
             ... on level 5 of the Dungeon.
             The game lasted 00:09:43 (5481 turns).

EnegeticOcto the Sneak (Deep Elf Assassin)          Turns: 5481, Time: 00:09:44

Health: 0/44       AC: 14    Str: 10    XL:     7   Next: 98%
Magic:  8/10       EV:  7    Int: 16    God:    Okawaru [**....]
Gold:   286        SH:  0    Dex: 16    Spells: 6/6 levels left

rFire    . . .     SeeInvis +   n - +0 quarterstaff
rCold    . . .     Gourm    .   (shield currently unavailable)
rNeg     . . .     Faith    .   A - +0 chain mail
rPois    .         Spirit   .   s - +0 hat {SInv}
rElec    .         Reflect  .   c - +0 cloak
rCorr    .         Harm     .   (no gloves)
MR       .....                  w - +0 pair of boots
Stlth    ++........             (no amulet)
HPRegen  0.14/turn              g - +2 ring of protection
MPRegen  0.12/turn              o - ring of wizardry

@: lethally poisoned (0 -> -7), heroism
A: no striking features
a: Heroism, Renounce Religion


You were on level 5 of the Dungeon.
You worshipped Okawaru.
Okawaru was pleased with you.
You were not hungry.

You visited 1 branch of the dungeon, and saw 5 of its levels.

You collected 286 gold pieces.

Inventory:

Hand Weapons
 a - a +2 dagger
 n - a +0 quarterstaff (weapon)
 z - a +0 trident
Missiles
 u - 30 arrows
Armour
 b - a +0 robe
 c - a +0 cloak (worn)
 h - a +0 ring mail
 s - a +0 hat of see invisible (worn)
 w - a +0 pair of boots (worn)
 A - a +0 chain mail (worn)
Jewellery
 g - a +2 ring of protection (left hand)
 o - a ring of wizardry (right hand)
Wands
 f - a wand of digging (6)
 m - a wand of flame (11)
Scrolls
 i - 3 scrolls of remove curse {@r2}
 p - a scroll of noise {unknown}
 t - a scroll of random uselessness {unknown}
 v - a scroll of teleportation {@r3 !r}
 y - a scroll of magic mapping {@r5 !r}
 B - 4 scrolls of enchant armour {unknown}
Potions
 j - 2 potions of curing {@q1 !q}
 k - a potion of cancellation
 l - a potion of haste {@q4 !q}
 q - 3 potions of flight
Comestibles
 e - 12 rations
 r - 5 chunks of flesh


   Skills:
 + Level 5.1(10.1) Fighting
 - Level 2.0(7.0) Short Blades
 * Level 5.3(10.3) Staves
 - Level 2.0(7.0) Throwing
 - Level 3.1(8.1) Dodging
 - Level 6.0(11.0) Stealth
 + Level 2.0 Invocations


You had 6 spell levels left.
You didn't know any spells.
Your spell library was empty.

Dungeon Overview and Level Annotations

Branches:
Dungeon (5/15)
 Temple: D:4-7

Altars:
Fedhas
Kikubaaqudgha
Nemelex Xobeh
Okawaru
Ru
Sif Muna
Xom


Message History

The phantom hits you but does no damage.
You hit the phantom but do no damage.
The phantom hits you but does no damage.
You barely miss the phantom.
The phantom blinks!
The phantom blinks!
The phantom blinks!
You see here 3 scrolls labeled RILALO LUOFUR.
You see here a ration.
The phantom hits you.
You hit the phantom.
The phantom is lightly damaged.
The phantom blinks!
The phantom hits you.
The phantom blinks!
The phantom completely misses you.
You thump the phantom!
The phantom is moderately damaged.
The phantom hits you.
You are too injured to fight recklessly!
You are too injured to fight recklessly!
You are too injured to fight recklessly!
You are too injured to fight recklessly!
You are too injured to fight recklessly!
You are too injured to fight recklessly!
You are too injured to fight recklessly!
You closely miss the phantom.
The phantom is moderately damaged.
The phantom hits you but does no damage.
You hit the phantom.
The phantom is moderately damaged.
The phantom hits you.
You closely miss the phantom.
The phantom is moderately damaged.
The phantom hits you but does no damage.
You see here a ration.
e - 12 rations (gained 1)
The phantom hits you.
* * * LOW HITPOINT WARNING * * *
The phantom blinks!
You see here 3 scrolls labeled RILALO LUOFUR.
B - 4 scrolls labeled RILALO LUOFUR (gained 3)
The phantom blinks!
The phantom blinks!
The worker ant twitches its antennae in your direction.
The phantom blinks!
The phantom blinks!
The phantom blinks!
The worker ant barely misses you.
You barely miss the worker ant.
The worker ant bites you but does no damage.
You hit the worker ant.
The worker ant is lightly wounded.
The worker ant bites you.
* * * LOW HITPOINT WARNING * * *
You are poisoned.
The worker ant poisons you! The worker ant barely misses you.
You closely miss the worker ant.
The worker ant is lightly wounded.
You feel sick.
The worker ant bites you but does no damage.
Okay, then.
Throwing (i - inventory)
d - 2 poisoned darts (quivered)
Press: ? - help, Shift-Dir - straight line, f - worker ant
Aim: a worker ant (lightly wounded)
You throw a poisoned dart. The poisoned dart hits the worker ant.
The worker ant is poisoned.
The worker ant is lightly wounded.
The worker ant bites you but does no damage.
Throwing (i - inventory)
d - a poisoned dart (quivered)
Press: ? - help, Shift-Dir - straight line, f/p - worker ant
Aim: a worker ant (moderately wounded, poisoned)
You throw a poisoned dart.
The poisoned dart barely misses the worker ant.
You feel sick. The worker ant bites you.
* * * LOW HITPOINT WARNING * * *
You are lethally poisoned!
The worker ant poisons you!
Okay, then.
* * * LOW HITPOINT WARNING * * *
You feel sick.
You feel magically purged.
* * * LOW HITPOINT WARNING * * *
You feel sick.
The worker ant bites you but does no damage.
Okay, then.
You gain the combat prowess of a mighty hero.
* * * LOW HITPOINT WARNING * * *
You feel sick. The worker ant bites you.
* * * LOW HITPOINT WARNING * * *
The worker ant closely misses you.
* * * LOW HITPOINT WARNING * * *
You feel sick.
* * * LOW HITPOINT WARNING * * *
You feel sick.
* * * LOW HITPOINT WARNING * * *
You feel sick.
The worker ant looks more healthy.
Okay, then.
You sock the worker ant!
You kill the worker ant!
Okawaru accepts your kill.
Your Invocations skill increases to level 2!
You die...

#.<.# ###..# ##..#.......
##.#.# ####..## ##..#......
...#.# ###......# #..##....
####.###...####.# #....##. #
#..#...### #(# ###..### #
#.##...# #W### ##.....## #
#.##.ยง.# #...## #..###... #
#.##...########W.######.##.....
#.##..........@...)............
#.##...########.#...#########..
###.##...# ##........# ###
[>..##...# ###..#......# #
##...#...# #.>.#.......# #
##......####.###.####### #
##.#.............# #
#..#..######.....# # ##.....#
#.._..# ###


You could see a phantom.

Vanquished Creatures
  Duvessa (D:5)
  An ogre (D:5)
  A water moccasin zombie (D:5)
  Dowan (D:5)
  5 killer bees (D:5)
  A crimson imp (D:4)
  A bullfrog skeleton (D:5)
  4 orc wizards
  An orc priest (D:5)
  2 hounds (D:5)
  An iguana (D:5)
  3 worker ants
  3 adders
  A shadow imp (D:4)
  An adder skeleton (D:4)
  A worm (D:3)
  3 dart slugs
  2 leopard geckos
  8 orcs
  A ball python (D:2)
  3 giant cockroaches
  5 goblins
  6 hobgoblins
  4 kobolds
  2 quokkas
  9 bats
  3 frilled lizards
  2 leopard gecko zombies (D:5)
  6 rats
82 creatures vanquished.

Vanquished Creatures (others)
  12 fungi (D:5)
  6 plants (D:5)
18 creatures vanquished.

Grand Total: 100 creatures vanquished

Notes
Turn   | Place    | Note
-------+----------+-------------------------------------------
     0 | D:1      | EnegeticOcto the Deep Elf Assassin began the quest for the
                  | Orb.
     0 | D:1      | Reached XP level 1. HP: 12/12 MP: 3/3
   114 | D:1      | Reached skill level 5 in Stealth
   168 | D:1      | Reached XP level 2. HP: 16/17 MP: 4/4
  1124 | D:2      | Reached XP level 3. HP: 21/21 MP: 5/5
  1150 | D:2      | Found an ancient bone altar of Kikubaaqudgha.
  1473 | D:3      | Reached skill level 6 in Stealth
  1809 | D:3      | Reached XP level 4. HP: 27/27 MP: 6/6
  2326 | D:4      | Found an iron altar of Okawaru.
  2343 | D:4      | Became a worshipper of Warmaster Okawaru
  2476 | D:4      | Found a shimmering blue altar of Sif Muna.
  2479 | D:4      | Found a sparkling altar of Nemelex Xobeh.
  2482 | D:4      | Found a sacrificial altar of Ru.
  2704 | D:5      | Entered Level 5 of the Dungeon
  2704 | D:5      | Found a blossoming altar of Fedhas.
  3227 | D:4      | Reached skill level 1 in Staves
  3227 | D:4      | Reached XP level 5. HP: 20/33 MP: 7/7
  3430 | D:4      | Reached * piety under Okawaru
  3586 | D:4      | Reached XP level 6. HP: 33/38 MP: 8/8
  3716 | D:5      | Found a shimmering altar of Xom.
  4218 | D:5      | Noticed Dowan
  4282 | D:5      | Killed Dowan
  4282 | D:5      | Reached XP level 7. HP: 26/44 MP: 9/9
  4522 | D:5      | Reached ** piety under Okawaru
  4720 | D:5      | Found a shimmering altar of Xom.
  4720 | D:5      | Noticed Duvessa
  4769 | D:5      | Killed Duvessa
  4769 | D:5      | Reached skill level 5 in Fighting
  4769 | D:5      | Reached skill level 1 in Invocations
  5082 | D:5      | Reached skill level 5 in Staves
  5478 | D:5      | HP: 2/44 [poisoned by a worker ant]
  5481 | D:5      | Succumbed to a worker ant's poison

Levels and vault maps discovered:
D:1:      lemuel_arrival_hallway, layout_rooms, st_stairs_11,
          serial_bayou_lake_a
D:2:      layout_basic, kiku_gazebo_pond_becter, kennysheep_generic_room_10
D:3:      layout_rooms
D:4:      layout_cave_pools, kennysheep_okawaru_gauntlet,
          grunt_temple_overflow_diamond
D:5:      layout_rooms, xom_redecorated, gammafunk_temple_overflow_elements,
          first_ration, minivault_1, fedhas_altar_3, uniq_duvessa

Skill      XL: |  1  2  3  4  5  6  7 |
---------------+----------------------+-----
Stealth        | 5 6 |  6.0
Fighting       | 2 3 4 5 |  5.1
Staves         | 1 2 3 5 |  5.3
Dodging        | 2 3 |  3.1
Invocations    | 2 |  2.0
Short Blades   | |  2.0
Throwing       | |  2.0

Action                   |  1- 3 |  4- 6 |  7- 9 || total
-------------------------+-------+-------+-------++-------
Melee: Dagger            |   131 |   139 |       ||   270
       Quarterstaff      |       |    50 |   120 ||   170
       Short sword       |       |    14 |       ||    14
Throw: Dart              |    21 |    27 |    10 ||    58
Invok: Heroism           |       |       |     1 ||     1
  Use: Scroll            |     6 |     7 |       ||    13
       Potion            |       |     6 |     4 ||    10
 Stab: Sleeping          |     9 |     1 |       ||    10
       Distracted        |       |     1 |       ||     1
  Eat: Chunk             |     3 |     3 |     2 ||     8
       Ration            |       |     1 |     1 ||     2
Armor: Robe              |     8 |       |       ||     8
       Ring mail         |    40 |    79 |       ||   119
       Chain mail        |       |    71 |    85 ||   156
Dodge: Dodged            |    59 |    65 |    40 ||   164
